 Dungeon Crawl Stone Soup version 0.21-a0-286-g6fcecc0 (webtiles) character file.

10483 tidbits the Fighter (level 11, -1/97 HPs)
             Began as a Pale Draconian Necromancer on Sept 25, 2017.
             Was a Follower of Uskayaw.
             Killed from afar by CcS's ghost (31 damage)
             ... with a spray of energy
             ... on level 2 of the Orcish Mines.
             The game lasted 00:50:36 (4224 turns).

tidbits the Fighter (Pale Draconian Necromancer)    Turns: 4224, Time: 00:50:36

Health: -1/97      AC:  9    Str: 11 (12) XL:     11   Next: 36%
Magic:  19/19      EV: 19    Int: 20 (22) God:    Uskayaw [*.....]
Gold:   753        SH:  0    Dex: 11 (12) Spells: 6/20 levels left

rFire    . . .     SeeInvis .   u - +2 dagger (holy)
rCold    . . .     Gourm    .   (no shield)
rNeg     . . .     Faith    .   (armour unavailable)
rPois    .         Spirit   .   (helmet restricted)
rElec    .         Reflect  .   (no cloak)
rCorr    .         Harm     .   G - +1 pair of gloves
MR       .....                  (no boots)
Stlth    ++........             y - amulet of rage
HPRegen  0.26/turn              V - +3 ring of evasion
MPRegen  0.16/turn              v - ring of flight

@: brilliant, short of breath, berserk cooldown, very slightly contaminated,
hasted, invisible, very quick
A: breathe steam, unfitting armour, cold-blooded, AC +7
a: Breathe Steam, Stomp, Renounce Religion, Evoke Berserk Rage, Evoke Flight


You were on level 2 of the Orcish Mines.
You worshipped Uskayaw.
Uskayaw was aware of your devotion.
You were hungry.

You visited 3 branches of the dungeon, and saw 12 of its levels.

You collected 753 gold pieces.

Inventory:

Hand Weapons
 c - a +0 scimitar of flaming
   (You took it off Erica on level 8 of the Dungeon)
 g - a +0 blowgun
 p - a +0 broad axe of freezing
   (You took it off an orc warlord on level 2 of the Orcish Mines)
 u - a +2 dagger of holy wrath (weapon)
   (You took it off a goblin on level 3 of the Dungeon)
 J - a +3 great sword
Missiles
 f - 104 arrows
 o - 10 tomahawks (quivered)
Armour
 G - a +1 pair of gloves (worn)
Jewellery
 v - a ring of flight (right hand)
   (You found it on level 4 of the Dungeon)
 y - an amulet of rage (around neck)
   (You found it on level 5 of the Dungeon)
 V - a +3 ring of evasion (left hand)
   (You found it on level 2 of the Dungeon)
Wands
 z - a wand of confusion (18/48)
Scrolls
 k - 2 scrolls of amnesia
 n - a scroll of noise {unknown}
 q - a scroll of random uselessness {unknown}
 t - a scroll of enchant armour
 w - a scroll of recharging {unknown}
 A - a scroll of fog {unknown}
 D - a scroll of silence {unknown}
Potions
 d - a potion of haste
 j - a potion of brilliance
 r - a potion of flight {unknown}
 x - 3 potions of cancellation
 B - a potion of might {unknown}
Books
 a - a book of Necromancy

   Spells                             Type                      Level
   a - Pain                           Necromancy                   1
   b - Animate Skeleton               Necromancy                   1
   c - Vampiric Draining              Necromancy                   3
   d - Regeneration                   Charms/Necromancy            3
   e - Animate Dead                   Necromancy                   4
   f - Control Undead                 Necromancy                   4
 H - a book of Geomancy
   (You found it on level 7 of the Dungeon)

   Spells                             Type                      Level
   a - Sandblast                      Earth                        1
   b - Passwall                       Transmutation/Earth          2
   c - Stone Arrow                    Conjuration/Earth            3
   d - Petrify                        Transmutation/Earth          4
   e - Lee's Rapid Deconstruction     Earth                        5
Comestibles
 b - 3 bread rations
 m - 10 chunks of flesh


   Skills:
 + Level 9.3 Fighting
 + Level 8.1 Dodging
 - Level 1.7 Stealth
 - Level 5.3 Spellcasting
 - Level 7.0 Necromancy
 - Level 2.8 Transmutations
 - Level 3.1 Earth Magic
 - Level 8.7 Invocations
 - Level 6.0 Evocations


You had 6 spell levels left.
You knew the following spells:

 Your Spells              Type           Power        Failure   Level  Hunger
a - Pain                  Necr           ####         1%          1    None
n - Animate Skeleton      Necr           N/A          1%          1    None
r - Regeneration          Chrm/Necr      ####......   1%          3    ##.....
v - Vampiric Draining     Necr           #####.....   1%          3    ##.....
w - Passwall              Tmut/Erth      ####......   1%          2    None
N - Animate Dead          Necr           N/A          1%          4    ####...


Dungeon Overview and Level Annotations

Branches:
Dungeon (9/15)             Temple (1/1) D:5             Orc (2/2) D:9
    Elf (0/3) Orc:2
   Lair: D:8-11

Altars:
Ashenzari
Cheibriados
Fedhas
Gozag
Hepliaklqana
Kikubaaqudgha
Nemelex Xobeh
Trog
Uskayaw
Wu Jian
Yredelemnul
Zin
The Shining One
Beogh

Annotations:
Orc:2 CcS's ghost, journeyman DECj


Innate Abilities, Weirdness & Mutations

You can breathe blasts of scalding, opaque steam.
Your pale cyan-grey scales are hard. (AC +7)
You cannot fit into any form of body armour.
You are cold-blooded and may be slowed by cold attacks.


Message History

You are exhausted.
You feel yourself slow down.
You feel yourself speed up.
Eat one of 11 chunks of flesh? (ye/n/q)
You eat one of the 11 chunks of flesh.
This raw flesh tastes terrible.
Casting: Regeneration
Confirm with . or Enter, or press ? or * to list all spells.
Which direction?
You begin to meditate on the wall.
You continue meditating on the rock.
You have got your breath back.
You continue meditating on the rock. x2
CcS's ghost hits you but does no damage.
You finish merging with the rock.
Unknown command.
It was a potion of curing.
You feel better.
Okay, then.
Press: ? - help, v - describe, . - travel
Here: CcS's ghost, wielding a weapon of freezing (heavily damaged)
The floor.
Things that are here:
a robe; a dagger
Press: ? - help, Shift-Dir - straight line, f/p - CcS's ghost
Aim: CcS's ghost, wielding a weapon of freezing (heavily damaged)
You exhale a blast of scalding steam.
You feel somewhat more hungry.
You fade into invisibility!
You are very lightly contaminated with residual magic.
Evoke which item? (* to show all) (? for menu, Esc to quit)
Aiming: Confuse
Press: ? - help, Shift-Dir - straight line, f/p - CcS's ghost
Aim: CcS's ghost, wielding a weapon of freezing (steam, severely damaged, hasn't noticed you, chance to defeat MR: 6%)
Okay, then.
Unknown command.
Unknown command.
It was a potion of brilliance.
You feel clever all of a sudden.
CcS's ghost is engulfed in a cloud of scalding steam. x2
CcS's ghost casts a spell.
CcS's ghost's wounds begin to heal before your eyes!
You barely miss CcS's ghost.
Your tail-slap misses CcS's ghost.
CcS's ghost is severely damaged.
CcS's ghost is engulfed in a cloud of scalding steam.
CcS's ghost casts a spell at you. The spray of energy hits you!
* * * LOW HITPOINT WARNING * * *
Okay, then.
Unknown command.
You feel better.
CcS's ghost is engulfed in a cloud of scalding steam.
CcS's ghost hits you but does no damage.
You barely miss CcS's ghost.
CcS's ghost is severely damaged.
CcS's ghost barely misses you.
You barely miss CcS's ghost.
Your tail-slap misses CcS's ghost.
CcS's ghost is severely damaged.
CcS's ghost points at you and mumbles some strange words.
The orb of energy hits you!
* * * LOW HITPOINT WARNING * * *
Okay, then.
Unknown command.
Okay, then.
Unknown command.
It was a potion of degeneration.
There was something very wrong with that liquid.
You feel weakened.
You feel dopey.
You feel clumsy.
CcS's ghost hits you but does no damage.
Okay, then.
Unknown command.
As you read the scroll labeled BEORUC ORAYDI, it crumbles to dust.
It is a scroll of enchant armour.
Your +0 pair of gloves glows green for a moment.
You have got your breath back.
CcS's ghost hits you but does no damage.
Okay, then.
Unknown command.
Okay, then.
Unknown command.
Press: ? - help, Shift-Dir - straight line, p - CcS's ghost You exhale a blast of scalding steam.
The ball of steam misses CcS's ghost.
You are feeling hungry.
CcS's ghost is engulfed in a cloud of scalding steam.
CcS's ghost hits you but does no damage.
Okay, then.
Unknown command.
Okay, then.
Unknown command.
Okay, then.
Unknown command.
It was a potion of ambrosia.
You are confused.
You feel invigorated.
You feel yourself speed up.
CcS's ghost is engulfed in a cloud of scalding steam.
CcS's ghost's fingertips begin to glow.
CcS's ghost hits you but does no damage.
CcS's ghost hits you but does no damage.
You feel less invigorated.
You feel less confused. CcS's ghost casts a spell at you.
The spray of energy hits you!
You die...

#.#.......#.##.....#..## ##
#.#.....#######........#
#..#.......##.#####........
#.............#..#........
###...).......#..........#
###........##§§.....#...
###[.....##..[....##..
##.........W.§....## .
####.........@.....###
##.##).)..........#.##
#..)[................#
##.##.#.#...).......##
#######.......<...##
##.##....#.## #####....##
##..## ####


You could see CcS's ghost.

Vanquished Creatures
  An orc warlord (Orc:2)
  The ghost of Nattefrost the Severer, a journeyman VSFi of Trog (Orc:2)
  An ettin (Orc:2)
  A two-headed ogre (D:8)
  Erica (D:8)
  A troll (Orc:1)
  2 hippogriffs
  A yak (D:9)
  2 wargs (Orc:2)
  A water moccasin (D:7)
  12 orc warriors
  4 ice beasts
  8 ogres
  A phantom (D:7)
  2 big kobolds
  5 bullfrogs
  3 scorpions
  A wyvern skeleton (D:7)
  5 killer bees (D:7)
  5 wights
  5 howler monkeys
  A centaur zombie (D:9)
  5 orc priests
  A bullfrog skeleton (D:6)
  2 hounds
  2 centaur skeletons
  9 orc wizards
  5 worker ants
  An iguana (D:4)
  A hound zombie (D:7)
  2 worker ant zombies
  A gnoll (D:1)
  11 adders
  2 shadow imps (D:7)
  2 oozes (D:3)
  5 leopard geckos
  27 orcs
  3 giant cockroaches
  5 goblins
  9 hobgoblins
  15 jackals
  15 kobolds
  3 quokkas
  A ball python (D:2)
  7 bats
  4 frilled lizards
  A quokka zombie (D:7)
  3 rats
206 creatures vanquished.

Vanquished Creatures (collateral kills)
  A two-headed ogre (Orc:2)
  2 yaks (D:9)
  2 orc warriors
  A wolf (D:9)
  A bullfrog (D:6)
  A scorpion (D:3)
  A wight (D:9)
  A howler monkey (D:5)
  A centaur zombie (D:9)
  A jelly (D:6)
  2 orc priests (D:9)
  An orc wizard (Orc:2)
  A bullfrog skeleton (D:6)
  A hound zombie (D:6)
  A dart slug (D:2)
  A leopard gecko (D:6)
  5 orcs
  2 goblins
  A hobgoblin (D:1)
  3 jackals
  2 kobolds
  A leopard gecko zombie (D:6)
33 creatures vanquished.

Grand Total: 239 creatures vanquished

Notes
Turn   | Place    | Note
-------+----------+-------------------------------------------
     0 | D:1      | tidbits the Draconian Necromancer began the quest for the Orb.
     0 | D:1      | Reached XP level 1. HP: 14/14 MP: 3/3
     6 | D:1      | Noticed a black bear
     6 | D:1      | Noticed a water moccasin
     6 | D:1      | Noticed a wyvern
   166 | D:2      | Learned a level 1 spell: Animate Skeleton
   246 | D:2      | Reached XP level 2. HP: 13/20 MP: 0/5
   320 | D:2      | Reached XP level 3. HP: 16/26 MP: 0/6
   356 | D:2      | Learned a level 3 spell: Vampiric Draining
   484 | D:2      | Reached skill level 5 in Necromancy
   533 | D:2      | Reached XP level 4. HP: 21/33 MP: 2/8
   538 | D:2      | Learned a level 3 spell: Regeneration
   661 | D:1      | Reached skill level 3 in Spellcasting
  1065 | D:2      | Found a bloodstained altar of Trog.
  1072 | D:2      | Found a hazy altar of Hepliaklqana.
  1073 | D:2      | Found a shattered altar of Ashenzari.
  1122 | D:3      | Reached XP level 5. HP: 34/38 MP: 2/9
  1161 | D:3      | Reached skill level 6 in Necromancy
  1314 | D:3      | Found a basalt altar of Yredelemnul.
  1485 | D:4      | Reached XP level 6. HP: 44/45 MP: 3/11
  1639 | D:2      | Found a faded altar of an unknown god.
  1754 | D:4      | Reached skill level 4 in Spellcasting
  1759 | D:4      | Found a glowing golden altar of the Shining One.
  2051 | D:5      | Entered Level 5 of the Dungeon
  2199 | D:5      | Reached skill level 7 in Necromancy
  2217 | D:5      | Found a staircase to the Ecumenical Temple.
  2218 | D:5      | Noticed an ice beast
  2222 | D:5      | Killed an ice beast
  2222 | D:5      | Reached skill level 1 in Fighting
  2222 | D:5      | Reached skill level 2 in Dodging
  2222 | D:5      | Your scales start taking on a pale cyan-grey colour.
  2222 | D:5      | Reached XP level 7. HP: 47/52 MP: 4/13
  2234 | Temple   | Entered the Ecumenical Temple
  2261 | Temple   | Became a worshipper of Uskayaw the Reveler
  2298 | D:5      | Reached * piety under Uskayaw
  2369 | D:6      | Reached skill level 2 in Fighting
  2369 | D:6      | Reached ** piety under Uskayaw
  2370 | D:6      | Reached skill level 3 in Dodging
  2370 | D:6      | Reached skill level 3 in Fighting
  2392 | D:6      | Learned a level 4 spell: Animate Dead
  2482 | D:6      | Reached skill level 4 in Fighting
  2519 | D:6      | Reached skill level 4 in Dodging
  2519 | D:6      | Reached XP level 8. HP: 49/67 MP: 6/14
  2527 | D:6      | Reached *** piety under Uskayaw
  2668 | D:7      | Reached skill level 5 in Fighting
  2718 | D:7      | Reached skill level 5 in Dodging
  2823 | D:7      | Reached skill level 6 in Fighting
  2828 | D:7      | Noticed a hippogriff
  2845 | D:7      | Killed a hippogriff
  2864 | D:7      | Reached skill level 6 in Dodging
  2879 | D:7      | Reached skill level 7 in Fighting
  2880 | D:7      | Reached XP level 9. HP: 41/79 MP: 5/15
  2893 | D:7      | Reached **** piety under Uskayaw
  3103 | D:6      | Reached skill level 8 in Fighting
  3140 | D:7      | Reached skill level 7 in Dodging
  3195 | D:7      | Learned a level 2 spell: Passwall
  3313 | D:7      | Reached skill level 1 in Earth Magic
  3384 | D:8      | Noticed Erica
  3385 | D:8      | Reached skill level 1 in Transmutations
  3398 | D:8      | Killed Erica
  3398 | D:8      | Reached skill level 5 in Spellcasting
  3398 | D:8      | Reached skill level 2 in Transmutations
  3398 | D:8      | Reached skill level 3 in Earth Magic
  3398 | D:8      | Reached ***** piety under Uskayaw
  3403 | D:8      | Noticed a two-headed ogre
  3451 | D:8      | Killed a two-headed ogre
  3451 | D:8      | Reached skill level 9 in Fighting
  3451 | D:8      | Reached XP level 10. HP: 72/91 MP: 18/18
  3466 | D:9      | Reached skill level 1 in Evocations
  3517 | D:9      | Reached skill level 2 in Evocations
  3563 | D:9      | Reached skill level 3 in Evocations
  3606 | D:9      | Reached skill level 4 in Evocations
  3654 | D:8      | Found a snail-covered altar of Cheibriados.
  3682 | D:9      | Reached skill level 5 in Evocations
  3774 | D:9      | Found a staircase to the Orcish Mines.
  3777 | D:9      | Found a roughly hewn altar of Beogh.
  3784 | Orc:1    | Entered Level 1 of the Orcish Mines
  3803 | Orc:1    | Reached skill level 6 in Evocations
  3825 | Orc:1    | Reached skill level 2 in Invocations
  3877 | Orc:2    | Entered Level 2 of the Orcish Mines
  3891 | Orc:2    | Reached skill level 3 in Invocations
  3934 | Orc:2    | Noticed an orc warlord
  3956 | Orc:2    | Reached skill level 4 in Invocations
  3965 | Orc:2    | Reached skill level 5 in Invocations
  3973 | Orc:2    | Killed an orc warlord
  3973 | Orc:2    | Reached skill level 6 in Invocations
  3973 | Orc:2    | Reached XP level 11. HP: 61/97 MP: 5/19
  3981 | Orc:2    | Reached skill level 7 in Invocations
  4030 | Orc:2    | Noticed a two-headed ogre
  4045 | Orc:2    | Killed a two-headed ogre
  4063 | Orc:2    | Found a staircase to the Elven Halls.
  4099 | Orc:1    | Noticed an orc knight
  4125 | Orc:2    | Noticed Nattefrost's ghost (journeyman VSFi)
  4137 | Orc:2    | Killed Nattefrost's ghost
  4137 | Orc:2    | Reached skill level 8 in Invocations
  4147 | Orc:2    | Noticed an ettin
  4162 | Orc:2    | Killed an ettin
  4162 | Orc:2    | Reached skill level 8 in Dodging
  4163 | Orc:2    | Noticed CcS's ghost (journeyman DECj)
  4224 | Orc:2    | Killed from afar by CcS's ghost

Vault maps used:
D:1:      onia_arrival_zoo_common
D:2:      marbit_many_paths, minitemple, chequers_ecumenical_altar_simple,
          nemelex_dance_club_becter
D:3:      yredelemnul_altar_generic
D:4:      tso_metal_star
D:5:      temple_green, first_bread
D:6:      sigmund_edmund_badplayer
D:7:      trog_three_pillars_becter
D:8:      hangedman_ru_absence, david_nohive_1, lemuel_tele_altar, uniq_maurice,
          uniq_erica, uniq_grum
D:9:      minmay_orc_entry_temple_small
Temple:   eino_temple_scatter_basement
Orc:1:    serial_shops, nicolae_shop_overgrown_old_shop
Orc:2:    st_orc_pillars, basic_altar

Skill      XL: |  1  2  3  4  5  6  7  8  9 10 11 |
---------------+----------------------------------+-----
Necromancy     | 5 6 7 |  7.0
Spellcasting   | 3 4 5 |  5.3
Fighting       | 1 4 7 9 |  9.3
Dodging        | 2 4 6 7 8 |  8.1
Earth Magic    | 3 |  3.1
Transmutations | 2 |  2.8
Evocations     | 6 |  6.0
Invocations    | 6 8 |  8.7
Stealth        | |  1.7

Action                   |  1- 3 |  4- 6 |  7- 9 | 10-12 || total
-------------------------+-------+-------+-------+-------++-------
Melee: Falchion          |    26 |    83 |    40 |       ||   149
       Tailslap          |     3 |    12 |    19 |    15 ||    49
       Dagger            |       |    11 |    29 |    18 ||    58
       Scimitar          |       |       |    45 |    82 ||   127
 Fire: Blowgun           |       |       |       |    13 ||    13
 Cast: Pain              |    31 |    74 |    55 |    11 ||   171
       Animate Skeleton  |     4 |    11 |    11 |    12 ||    38
       Vampiric Draining |     1 |     7 |    10 |    12 ||    30
       Regeneration      |       |     3 |     5 |     3 ||    11
       Animate Dead      |       |       |     2 |     3 ||     5
       Passwall          |       |       |       |     2 ||     2
 Abil: Breathe Steam     |       |       |    18 |    22 ||    40
       Evoke Berserk Rag |       |       |     3 |     4 ||     7
Evoke: Wand              |       |       |       |     4 ||     4
  Use: Scroll            |       |     4 |     4 |     3 ||    11
       Potion            |       |       |       |    11 ||    11
 Stab: Sleeping          |       |     4 |       |     1 ||     5
       Paralysed         |       |       |     3 |    10 ||    13
       Distracted        |       |       |       |     1 ||     1
  Eat: Chunk             |       |     7 |     9 |     7 ||    23
       Meat ration       |       |       |     1 |       ||     1
Armor: Skin              |    12 |    28 |    37 |    18 ||    95
Dodge: Dodged            |    22 |    91 |   169 |   112 ||   394
       Rpst.: Falchion   |     6 |    22 |    19 |       ||    47
       Scimitar          |       |       |    26 |    24 ||    50

Table legend:
 A = Spawn XP
 B = Non-spawn XP
 C = Spawn XP percentage of total XP
 D = Spawn monster count
 E = Non-spawn monster count
 F = Spawn count percentage of total count
 G = Total turns spent on level
                    A         B        C        D         E        F      G
               +---------+---------+-------+---------+---------+-------+---------
         Total |       0 |   14977 |   0.0 |       0 |     239 |   0.0 |  4224
               +---------+---------+-------+---------+---------+-------+---------
           D:1 |       0 |      44 |   0.0 |       0 |      20 |   0.0 |   427
           D:2 |       0 |     115 |   0.0 |       0 |      35 |   0.0 |   720
           D:3 |       0 |     203 |   0.0 |       0 |      22 |   0.0 |   333
           D:4 |       0 |     167 |   0.0 |       0 |       9 |   0.0 |   577
           D:5 |       0 |     291 |   0.0 |       0 |       8 |   0.0 |   205
           D:6 |       0 |    1190 |   0.0 |       0 |      26 |   0.0 |   487
           D:7 |       0 |    2340 |   0.0 |       0 |      37 |   0.0 |   610
           D:8 |       0 |    2054 |   0.0 |       0 |       7 |   0.0 |    69
           D:9 |       0 |    1903 |   0.0 |       0 |      31 |   0.0 |   311
         Orc:1 |       0 |     395 |   0.0 |       0 |       7 |   0.0 |    95
         Orc:2 |       0 |    6275 |   0.0 |       0 |      37 |   0.0 |   345
               +---------+---------+-------+---------+---------+-------+---------

Table legend:
 A = Turns spent in this place as a percentage of turns spent in the entire game.
 B = Non-inter-level travel turns spent in this place as a percentage of non-inter-level travel turns spent in the entire game.
 C = Inter-level travel turns spent in this place as a percentage of turns spent in this place.
 D = Turns resting spent in this place as a percentage of non-inter-level travel turns spent in this place.
 E = Turns spent auto-exploring this place as a percentage of non-inter-level travel turns spent in this place.
 F = Non-inter-level travel turns spent in this place divided by the number of levels of this place that you've seen.
                   A       B       C       D       E      F
               +-------+-------+-------+-------+-------+----------------------
         Total | 100.0 | 100.0 |   5.1 |   0.0 |   0.0 | 333.9
       Dungeon |  88.5 |  88.3 |   5.4 |   0.0 |   0.0 | 393.1
        Temple |   1.1 |   0.7 |  35.6 |   0.0 |   0.0 |  29.0
  Orcish Mines |  10.4 |  11.0 |   0.0 |   0.0 |   0.0 | 220.0
               +-------+-------+-------+-------+-------+----------------------

Table legend:
 A = Kills in this place as a percentage of kills in entire the game.
 B = Kills by you in this place as a percentage of kills by you in the entire game.
 C = Kills by friends in this place as a percentage of kills by friends in the entire game.
 D = Other kills in this place as a percentage of other kills in the entire game.
 E = Experience gained in this place as a percentage of experience gained in the entire game.
 F = Experience gained in this place divided by the number of levels of this place that you have seen.
                   A       B       C       D       E      F
               +-------+-------+-------+-------+-------+----------------------
         Total | 100.0 | 100.0 | 100.0 |   N/A | 100.0 | 1248.1
       Dungeon |  81.6 |  81.6 |  81.8 |   N/A |  55.5 | 923.0
  Orcish Mines |  18.4 |  18.4 |  18.2 |   N/A |  44.5 | 3335.0
               +-------+-------+-------+-------+-------+----------------------

Vault maps used:
D:1:      onia_arrival_zoo_common
D:2:      marbit_many_paths, minitemple, chequers_ecumenical_altar_simple,
          nemelex_dance_club_becter
D:3:      yredelemnul_altar_generic
D:4:      tso_metal_star
D:5:      temple_green, first_bread
D:6:      sigmund_edmund_badplayer
D:7:      trog_three_pillars_becter
D:8:      hangedman_ru_absence, david_nohive_1, lemuel_tele_altar, uniq_maurice,
          uniq_erica, uniq_grum
D:9:      minmay_orc_entry_temple_small
Temple:   eino_temple_scatter_basement
Orc:1:    serial_shops, nicolae_shop_overgrown_old_shop
Orc:2:    st_orc_pillars, basic_altar
